 Dungeon Crawl Stone Soup version 0.15.1-1-gfacfea3 (webtiles) character file.

798 CrazyArbalest the Covert (level 7, -6/33 HPs)
             Began as a Spriggan Enchanter on Sept 21, 2014.
             Was a Follower of Dithmenos.
             Killed by divine providence
             ... invoked by an orc priest
              (15 damage)
             ... on Level 6 of the Dungeon.
             The game lasted 00:21:49 (4061 turns).

CrazyArbalest the Covert (Spriggan Enchanter)       Turns: 4061, Time: 00:21:49

HP  -6/33        AC  4     Str  5      XL: 7   Next: 58%
MP  21/21        EV 22     Int 17      God: Dithmenos [*.....]
Gold 136         SH  0     Dex 17      Spells:  4 memorised,  6 levels left

rFire  . . .     SeeInvis +     a - +2 dagger (venom)
rCold  + . .     Clarity  .     O - +1 robe
rNeg   . . .     rCorr    .     (shield restricted)
rPois  .         rRot     .     (helmet restricted)
rElec  .         Spirit   .     J - +0 cloak
SustAb +         Warding  .     (gloves unavailable)
rMut   .         Stasis   .     (boots unavailable)
Gourm  .                        (no amulet)
MR     +....                    F - ring of protection from cold
                                v - ring of sustain abilities

@: wreathed by umbra, very quick, somewhat resistant to hostile enchantments,
quite stealthy
A: unfitting armour, see invisible, herbivore 3, speed 3, slow metabolism 2
a: Renounce Religion


You were on level 6 of the Dungeon.
You worshipped Dithmenos.
Dithmenos was aware of your devotion.
You were hungry.

You visited 1 branch of the dungeon, and saw 6 of its levels.

You collected 136 gold pieces.

Inventory:

Hand weapons
 a - a +2 dagger of venom (weapon)
 b - a +0 hand crossbow
 r - a +1 dagger
Missiles
 f - 20 poisoned bolts
 B - 18 bolts
Armour
 J - a +0 cloak (worn)
 O - a +1 robe (worn)
Comestibles
 p - a royal jelly
 D - 3 fruits
 E - a bread ration
 N - a slice of pizza
Scrolls
 e - 6 scrolls of remove curse {unknown}
 g - a scroll of fear {unknown}
 i - 2 scrolls of identify {unknown}
 k - a scroll of blinking {unknown}
 m - a scroll of enchant weapon {unknown}
 n - a scroll of random uselessness {unknown}
 s - 2 scrolls of teleportation {unknown}
 t - 2 scrolls of enchant armour {unknown}
 x - a scroll of fog {unknown}
 C - a scroll of noise {unknown}
 H - a scroll of recharging {unknown}
 I - 2 scrolls of amnesia {unknown}
 K - 2 scrolls of immolation {unknown}
Jewellery
 v - a ring of sustain abilities (left hand)
 y - an uncursed ring of sustain abilities
 F - a ring of protection from cold (right hand)
 R - an uncursed amulet of the gourmand {unknown}
Potions
 d - 2 potions of porridge
 h - 2 potions of curing {unknown}
 j - 3 potions of brilliance
 l - 2 potions of might {unknown}
 o - a potion of berserk rage {unknown}
 q - 2 potions of restore abilities {unknown}
 u - a potion of flight {unknown}
 w - a potion of confusion {unknown}
 z - a potion of beneficial mutation {unknown}
 A - 2 potions of heal wounds {unknown}
 L - 2 potions of poison {unknown}
 P - a potion of degeneration {unknown}
 Q - a potion of decay {unknown}
Books
 c - a book of Maledictions

   Spells                             Type                      Level
   *Corona                            Hexes                        1
   *Sure Blade                        Hexes/Charms                 2
   *Ensorcelled Hibernation           Hexes/Ice                    2
   *Confuse                           Hexes                        3
   Dazzling Spray                     Conjuration/Hexes            3
   Enslavement                        Hexes                        4
 G - a Necronomicon {highlevel, unknown}

   This book is beyond your current level of understanding.

   Spells                             Type                      Level
   Haunt                              Necromancy/Summoning         7
   Borgnjor's Revivification          Necromancy                   8
   Death's Door                       Charms/Necromancy            8
   Necromutation                      Transmutation/Necromancy     8
 M - a book of Burglary

   Spells                             Type                      Level
   Swiftness                          Charms/Air                   2
   Passwall                           Transmutation/Earth          3
   Passage of Golubria                Translocation                4
   Lee's Rapid Deconstruction         Earth                        5
   Invisibility                       Hexes                        6
   Darkness                           Hexes                        7


   Skills:
 + Level 1.6 Fighting
 + Level 2.5 Short Blades
 + Level 7.1 Dodging
 + Level 8.4 Stealth
 + Level 4.4 Spellcasting
 + Level 5.3 Hexes


You had 6 spell levels left.
You knew the following spells:

 Your Spells              Type           Power        Failure   Level  Hunger
a - Corona                Hex            ###....      1%          1    None
b - Confuse               Hex            ###.....     8%          3    ###....
c - Ensorcelled Hibernat  Hex/Ice        ##....       10%         2    #......
d - Sure Blade            Hex/Chrm       ##........   10%         2    #......


Dungeon Overview and Level Annotations

Branches:
Dungeon (6/15)
 Temple: D:4-7

Altars:
Ashenzari
Cheibriados
Dithmenos
Kikubaaqudgha
Sif Muna

Annotations:
D:4 Rooster's ghost, average GrBe


Innate Abilities, Weirdness & Mutations

You are tiny and cannot use many weapons and most armour.
You have supernaturally acute eyesight.
You are a herbivore.
You cover ground extremely quickly.
You need consume almost no food.


Message History

An orc and an orc priest come into view.
A sky beast comes into view.
Found a murky orange potion. 2 orcs come into view.
Found 25 bolts and a royal jelly.
An orc comes into view. It is wielding a flail.
The orc shouts! x2
Found a stone staircase leading down.
You hit the orc.
The orc is heavily wounded.
The sky beast hits you. The sky beast shocks you.
The orc priest glows brightly for a moment.
The orc misses you.
The orc priest mumbles some strange prayers to Beogh against you.
Something smites you!
* * * LOW HITPOINT WARNING * * *
Found an inky potion.
The orc priest calls down the wrath of Beogh upon you.
Something smites you!
You die...

#.#######.#####
#.............#
#...<####.#...###
#.....##.#
#...!...#### #.##
#%# #............
#.# #.....[..(...
#.# #.Y.....#####
#.####.....o##
#...@..oooo..#
#..........####.#
#..####.#..# ># #
#.#.%# # #.#..#
#.#..# .!...#
###..# #..


You could see a sky beast, an orc priest and 4 orcs.

Vanquished Creatures
  An orc warrior (D:3)
  A sky beast (D:5)
  An ice beast (D:5)
  A scorpion (D:5)
  A goliath beetle (D:6)
  A crimson imp (D:5)
  An orc priest (D:5)
  An iguana (D:5)
  A worker ant (D:4)
  4 orc wizards
  4 gnolls (D:4)
  3 adders
  2 shadow imps (D:5)
  A giant mite (D:3)
  A worm (D:5)
  An adder skeleton (D:4)
  7 giant geckos
  An ooze (D:2)
  14 orcs
  3 ball pythons
  4 giant cockroaches
  9 hobgoblins
  6 jackals
  5 quokkas
  7 bats
  6 giant newts
  8 goblins
  A hobgoblin skeleton (D:4)
  8 kobolds
  10 rats
  A rat zombie (D:5)
115 creatures vanquished.

Notes
Turn   | Place    | Note
--------------------------------------------------------------
     0 | D:1      | CrazyArbalest, the Spriggan Enchanter, began the quest for the Orb.
     0 | D:1      | Reached XP level 1. HP: 9/9 MP: 4/4
   162 | D:1      | Reached XP level 2. HP: 8/13 MP: 8/8
   601 | D:1      | Reached skill level 5 in Stealth
  1021 | D:2      | Reached XP level 3. HP: 8/16 MP: 11/11
  1366 | D:2      | Found a shattered altar of Ashenzari.
  1406 | D:2      | Reached XP level 4. HP: 14/21 MP: 13/13
  1602 | D:3      | Reached skill level 1 in Fighting
  1991 | D:3      | Noticed an orc warrior
  2018 | D:2      | Learned a level 3 spell: Confuse
  2021 | D:2      | Learned a level 2 spell: Ensorcelled Hibernation
  2024 | D:2      | Learned a level 2 spell: Sure Blade
  2332 | D:3      | Killed an orc warrior
  2332 | D:3      | Reached skill level 5 in Dodging
  2332 | D:3      | Reached skill level 6 in Stealth
  2332 | D:3      | Reached XP level 5. HP: 18/25 MP: 3/16
  2451 | D:4      | HP: 1/25 [orc/club (4)]
  2737 | D:4      | Noticed Rooster's ghost (average GrBe)
  2981 | D:4      | Found an ancient bone altar of Kikubaaqudgha.
  2982 | D:4      | Found a snail-covered altar of Cheibriados.
  3028 | D:4      | Reached XP level 6. HP: 26/30 MP: 18/18
  3290 | D:5      | Entered Level 5 of the Dungeon
  3330 | D:5      | Reached skill level 7 in Stealth
  3352 | D:5      | Found a shadowy altar of Dithmenos.
  3352 | D:5      | Found a deep blue altar of Sif Muna.
  3356 | D:5      | Became a worshipper of Dithmenos the Shadowed
  3620 | D:5      | Reached skill level 5 in Hexes
  3620 | D:5      | Reached XP level 7. HP: 22/33 MP: 19/21
  3695 | D:5      | Reached skill level 8 in Stealth
  4061 | D:6      | Killed from afar by an orc priest

Action                   |  1- 3 |  4- 6 |  7- 9 || total
-------------------------+-------+-------+-------++-------
Melee: Dagger            |   134 |   176 |    30 ||   340
 Cast: Confuse           |       |    12 |     1 ||    13
  Use: Potion            |       |     1 |       ||     1
 Stab: Sleeping          |    12 |    14 |     3 ||    29
       Confused          |       |     5 |     1 ||     6
       Distracted        |       |     1 |       ||     1
  Eat: Pizza             |       |     1 |       ||     1
